 Dungeon Crawl Stone Soup version 0.20.1-1-g8b1a95d (webtiles) character file.

361 Melbolja the Covert (level 6, -12/41 HPs)
             Began as an Octopode Assassin on Oct 8, 2017.
             Was a Believer of Cheibriados.
             Mangled by an ogre
             ... wielding a +0 giant club
              (19 damage)
             ... on level 3 of the Dungeon.
             The game lasted 00:14:04 (2601 turns).

Melbolja the Covert (Octopode Assassin)             Turns: 2601, Time: 00:14:04

Health: -12/41     AC:  1    Str: 15    XL:     6   Next: 66%
Magic:  6/6        EV: 17    Int: 18    God:    Cheibriados [**....]
Gold:   140        SH:  0    Dex: 18    Spells: 5/5 levels left

rFire    . . .     SeeInvis .   a - +2 dagger
rCold    + . .     Gourm    .   (no shield)
rNeg     . . .     Faith    .   (helmet restricted)
rPois    .         Spirit   .   x - amulet of regeneration
rElec    .         Reflect  .   e - ring of protection from cold
rCorr    .         Harm     .   r - +3 ring of evasion
MR       .....                  u - ring of wizardry
Stlth    +++++.....             (no ring)
Regen    0.6/turn               (no ring)
MPRegen  0.1/turn               (no ring)
                                (no ring)
                                (no ring)

@: very slow
A: almost no armour, stealthy swim, amphibious, 8 rings, constrict 8, camouflage
1, gelatinous body 1
a: Bend Time, Renounce Religion


You were on level 3 of the Dungeon.
You worshipped Cheibriados.
Cheibriados was pleased with you.
You were not hungry.

You visited 1 branch of the dungeon, and saw 3 of its levels.

You collected 140 gold pieces.

Inventory:

Hand Weapons
 a - a +2 dagger (weapon)
 b - a +0 blowgun
Missiles
 c - 28 poisoned needles
 d - 2 curare-tipped needles
Jewellery
 e - a ring of protection from cold (left tentacle)
 r - a +3 ring of evasion (right tentacle)
 u - a ring of wizardry (on tentacle)
 x - an amulet of regeneration (around mantle)
 z - an uncursed ring of stealth {unknown}
Scrolls
 g - 2 scrolls of teleportation {unknown}
 h - a scroll of fog {unknown}
 i - 2 scrolls of recharging {unknown}
 j - 3 scrolls of identify {unknown}
 m - 2 scrolls of amnesia {unknown}
 o - a scroll of enchant armour {unknown}
 y - a scroll of noise {unknown}
 A - a scroll of remove curse {unknown}
Potions
 k - 3 potions of lignification {unknown}
 p - a potion of ambrosia {unknown}
 s - 2 potions of curing {unknown}
 t - a potion of brilliance {unknown}
Books
 v - a book of Cantrips

   Spells                             Type                      Level
   a - Confusing Touch                Hexes                        1
   b - Animate Skeleton               Necromancy                   1
   c - Summon Small Mammal            Summoning                    1
   d - Apportation                    Translocation                1
Comestibles
 f - 2 bread rations
 l - a fruit
 q - 9 chunks of flesh
 w - a meat ration


   Skills:
 + Level 2.6 Fighting
 + Level 3.4 Short Blades
 + Level 2.4 Throwing
 + Level 2.0 Dodging
 + Level 9.0 Stealth


You had 5 spell levels left.
You didn't know any spells.

Dungeon Overview and Level Annotations

Branches:
Dungeon (3/15)

Altars:
Cheibriados


Innate Abilities, Weirdness & Mutations

You cannot wear most types of armour.
You are very stealthy in the water. (Stealth+)
You are amphibious.
You can wear up to eight rings at the same time.
You can use your tentacles to constrict eight enemies at once.
Your skin changes colour to match your surroundings (Stealth+).
Your rubbery body absorbs attacks. (AC +1, EV +1)


Message History

The ogre is heavily wounded.
The ogre misses you. The leopard gecko bites you.
You completely miss the ogre.
The ogre is heavily wounded.
The leopard gecko completely misses you.
You hit the ogre.
The ogre is severely wounded.
The ogre misses you. The leopard gecko barely misses you.
You hit the ogre.
The ogre is severely wounded.
The ogre hits you with a giant club!!
Ouch! That really hurt!
* * * LOW HITPOINT WARNING * * *
The leopard gecko completely misses you.
The leopard gecko bites you.
* * * LOW HITPOINT WARNING * * *
The leopard gecko barely misses you.
The leopard gecko completely misses you.
The ogre hits you with a giant club!!
You die...

######### ##
........##### #.
.........O..########
#g
.........l@........#
#g
#####..............#
#.
....#...###.......#
## #......# #...#
#.......#######.
#...#. .....#
#.............#.
#...# ...#.###
#.......#####.#.
#...######.#
#...(...# #.##
#..... .##.#
#########.# #...
#...##... .#
..........#######.


You could see an ogre and a leopard gecko.

Vanquished Creatures
  Grinder (D:3)
  6 gnolls
  4 adders
  A worm (D:3)
  3 dart slugs
  2 leopard geckos
  An orc (D:3)
  4 giant cockroaches
  7 goblins
  9 hobgoblins
  2 jackals (D:2)
  7 kobolds
  A quokka (D:2)
  2 ball pythons
  4 bats
  2 frilled lizards (D:2)
  7 rats
63 creatures vanquished.

Notes
Turn   | Place    | Note
-------+----------+-------------------------------------------
     0 | D:1      | Melbolja the Octopode Assassin began the quest for the Orb.
     0 | D:1      | Reached XP level 1. HP: 14/14 MP: 1/1
    19 | D:1      | Noticed an electric eel
   132 | D:1      | Reached XP level 2. HP: 13/19 MP: 2/2
   579 | D:1      | Reached skill level 6 in Stealth
   752 | D:2      | Found a snail-covered altar of Cheibriados.
   757 | D:2      | Reached XP level 3. HP: 24/24 MP: 3/3
   759 | D:2      | Became a worshipper of Cheibriados the Contemplative
  1049 | D:2      | Reached * piety under Cheibriados
  1049 | D:2      | Reached XP level 4. HP: 7/30 MP: 4/4
  1654 | D:2      | Reached skill level 7 in Stealth
  2130 | D:3      | Noticed Grinder
  2139 | D:3      | Killed Grinder
  2139 | D:3      | Reached skill level 8 in Stealth
  2139 | D:3      | Reached XP level 5. HP: 33/35 MP: 5/5
  2139 | D:3      | Reached XP level 6. HP: 39/41 MP: 6/6
  2483 | D:3      | Reached ** piety under Cheibriados
  2546 | D:3      | Reached skill level 9 in Stealth
  2601 | D:3      | Mangled by an ogre

Skill      XL: |  1  2  3  4  5  6 |
---------------+-------------------+-----
Stealth        | 6 8 9 |  9.0
Short Blades   | 3 |  3.4
Dodging        | 2 |  2.0
Fighting       | |  2.6
Throwing       | |  2.4

Action                   |  1- 3 |  4- 6 || total
-------------------------+-------+-------++-------
Melee: Dagger            |    64 |    75 ||   139
       Constrict         |    17 |    22 ||    39
       Tentacles         |     9 |    18 ||    27
  Use: Potion            |       |     2 ||     2
 Stab: Sleeping          |     9 |     8 ||    17
  Eat: Chunk             |     1 |     2 ||     3
Armor: Skin              |     1 |     3 ||     4
Dodge: Dodged            |    36 |    52 ||    88
